 Dungeon Crawl Stone Soup version 0.21.1-1-g345015f (webtiles) character file.

16 Fortress the Digger (level 2, -6/19 HPs)
             Began as a Vampire Earth Elementalist on July 2, 2018.
             Mangled by Terence
             ... wielding a +0 flail
              (9 damage)
             ... on level 1 of the Dungeon.
             The game lasted 00:05:17 (1149 turns).

Fortress the Digger (Vampire Earth Elementalist)    Turns: 1149, Time: 00:05:17

Health: -6/19      AC:  2    Str:  7    XL:     2   Next: 37%
Magic:  5/5        EV: 12    Int: 17    God:
Gold:   31         SH:  0    Dex: 14    Spells: 4/5 levels left

rFire    . . .     SeeInvis +   f - +0 hunting sling
rCold    + . .     Gourm    .   (no shield)
rNeg     + + .     Faith    .   c - +0 robe
rPois    +         Spirit   .   (no helmet)
rElec    .         Reflect  .   (no cloak)
rCorr    .         Harm     .   (no gloves)
MR       .....                  (no boots)
Stlth    +++.......             (no amulet)
HPRegen  0.03/turn              (no ring)
MPRegen  0.09/turn              (no ring)

@: regenerating slowly
A: fangs 3, see invisible, unbreathing
a: no special abilities


You were on level 1 of the Dungeon.
You were thirsty.

You visited 1 branch of the dungeon, and saw 2 of its levels.

You collected 31 gold pieces.

Inventory:

Hand Weapons
 f - a +0 hunting sling (weapon)
Missiles
 b - 54 stones
 h - 6 tomahawks
 j - 41 sling bullets (quivered)
Armour
 c - a +0 robe (worn)
Scrolls
 g - a scroll of remove curse {unknown}
 i - a scroll of enchant armour {unknown}
 l - 2 scrolls of identify {unknown}
 m - 2 scrolls of amnesia {unknown}
 n - a scroll of enchant weapon {unknown}
 p - a scroll of fog {unknown}
Potions
 d - 6 potions of blood
 k - a potion of might {unknown}
 o - a potion of mutation {unknown}
Books
 e - a book of Geomancy

   Spells                             Type                      Level
   a - Sandblast                      Earth                        1
   b - Passwall                       Transmutation/Earth          2
   c - Stone Arrow                    Conjuration/Earth            3
   d - Petrify                        Transmutation/Earth          4
   e - Lee's Rapid Deconstruction     Earth                        5


   Skills:
 + Level 0.2 Fighting
 + Level 0.1 Slings
 + Level 2.2 Dodging
 + Level 3.0 Stealth
 + Level 2.2 Spellcasting
   Level 1.1 Transmutations
 + Level 3.5 Earth Magic


You had 4 spell levels left.
You knew the following spells:

 Your Spells              Type           Power        Failure   Level  Hunger
a - Sandblast             Erth           ##....       4%          1    #......


Dungeon Overview and Level Annotations

Branches:
Dungeon (2/15)

Altars:

Annotations:
D:1 Terence


Innate Abilities, Weirdness & Mutations

You heal slowly.
You have razor-sharp teeth.
You have supernaturally acute eyesight. (SInv)
You can survive without breathing.


Message History

b - 55 stones Terence hits you with a flail!
A frilled lizard comes into view.
Terence hits you with a flail!
* * * LOW HITPOINT WARNING * * *
There is a stone staircase leading up here.
Terence says, "Rest in peace."
Terence barely misses you.
You climb upwards.
There is a stone staircase leading down here.
It was a potion of magic.
Magic courses through your body.
Casting: Sandblast
Confirm with . or Enter, or press ? or * to list all spells.
Aiming: Sandblast
Press: ? - help, Shift-Dir - straight line, f - Terence
Aim: Terence, wielding a flail and wearing a scale mail The blast of sand hits Terence.
b - 54 stones Terence hits you with a flail!
You die...

##.####......# #..# #......#
..........#..###..# #......#
##............##..# ###.#.## ####
...#####..#...##..# #......# #...
.#.#####..#....#..# #......###.##
..........#..#.#..# #.#.#.###....
.#.#..............# #......##..#.
+#........#..##...###......##..##
...............@@..####.##.##..#
.....#.#..#..##..####......##..##
.....#.#..#..##..# #......##....
'#####.#..#..##..# ###...<##.###
.# #.#..#......# #......##.... .#
#.#.....##.## #......##.###
.#####.#.....'...# #.#.#####.# #
.............##..# #......##.###
.#####.#.#...##..# #......##....


You could see Terence.

Vanquished Creatures
  A leopard gecko (D:1)
  A giant cockroach (D:1)
  3 goblins (D:1)
  2 hobgoblins (D:1)
  2 frilled lizards (D:1)
  2 kobolds (D:1)
  3 rats (D:1)
14 creatures vanquished.

Notes
Turn   | Place    | Note
-------+----------+-------------------------------------------
     0 | D:1      | Fortress the Vampire Earth Elementalist began the quest for the Orb.
     0 | D:1      | Reached XP level 1. HP: 13/13 MP: 3/3
   576 | D:1      | Reached XP level 2. HP: 19/19 MP: 3/5
  1138 | D:2      | Noticed Terence
  1149 | D:1      | Mangled by Terence

Action                   || total
-------------------------++-------
 Fire: Hunting sling     ||    15
 Cast: Sandblast         ||    14
  Use: Potion            ||     1
Armor: Robe              ||     1
Dodge: Dodged            ||     8
